 Dungeon Crawl Stone Soup version 0.31.0-9-g3a7656b989 (webtiles) character file.

Game seed: 9577799587627561099

316 qw the Skirmisher (level 6, -7/36 HPs)
             Began as a Deep Elf Hunter on Feb 2, 2024.
             Killed from afar by Dowan (10 damage)
             ... with a stone arrow
             ... on level 4 of the Dungeon.
             The game lasted 00:00:11 (2425 turns).

qw the Skirmisher (Deep Elf Hunter)                 Turns: 2425, Time: 00:00:11

Health: -7/36      AC:  7    Str: 10    XL:     6   Next: 20%
Magic:  8/8        EV: 11    Int: 14    God:
Gold:   125        SH:  0    Dex: 18    Spells: 5/5 levels left

rFire   + . .        a - +1 shortbow
rCold   . . .        (shield currently unavailable)
rNeg    . . .        e - +0 ring mail
rPois   .            h - +1 helmet
rElec   .            (no cloak)
rCorr   .            (no gloves)
SInv    .            (no boots)
Will    .....        (no amulet)
Stlth   +            g - ring of protection from fire
HPRegen 0.26/turn    (no ring)
MPRegen 0.11/turn

%: no passive effects
@: hasted, very quick
A: no striking features
a: no special abilities


You were on level 4 of the Dungeon.
You visited 1 branch of the dungeon, and saw 4 of its levels.

You collected 125 gold pieces.


   Skills:
 - Level 2.8 Fighting
 + Level 9.1 Ranged Weapons
 - Level 2.4 Dodging
 - Level 1.2 Stealth


You had 5 spell levels left.
You didn't know any spells.
Your spell library was empty.

Inventory:

Hand Weapons
 a - a +1 shortbow (weapon)
Armour
 e - a +0 ring mail (worn)
 h - a +1 helmet (worn)
Jewellery
 g - a ring of protection from fire (left hand)
Wands
 j - a wand of iceblast (14)
Potions
 b - a potion of might
 d - a potion of mutation {unknown}
 f - 2 potions of curing
 i - a potion of heal wounds {unknown}

Dungeon Overview and Level Annotations

Branches:
Dungeon (4/15)
 Temple: D:4-7

Altars:
Elyvilon

Annotations:
D:4 Dowan


Message History

You shoot an arrow. The arrow hits Duvessa.
Duvessa is heavily wounded.
Duvessa hits you with a +0 rapier.
Dowan hits you with a +2 dagger of electrocution.
You shoot an arrow.
The arrow hits Duvessa but does no damage.
Duvessa is heavily wounded.
Dowan hits you but does no damage. Duvessa hits you with a +0 rapier.
You shoot an arrow. The arrow hits Duvessa.
Duvessa is heavily wounded.
You shoot an arrow. The arrow hits Duvessa.
Duvessa is heavily wounded.
Duvessa hits you with a +0 rapier.
Dowan hits you with a +2 dagger of electrocution.
You shoot an arrow.
The arrow hits Duvessa but does no damage.
Duvessa is heavily wounded.
Duvessa completely misses you. Dowan barely misses you.
You shoot an arrow. The arrow hits Duvessa.
Duvessa is severely wounded.
Duvessa hits you with a +0 rapier! Dowan closely misses you.
You shoot an arrow. The arrow hits Duvessa.
Duvessa is severely wounded.
You shoot an arrow. The arrow hits Duvessa.
Duvessa is almost dead.
Duvessa closely misses you. Dowan hits you but does no damage.
You shoot an arrow. The arrow closely misses Duvessa.
You shoot an arrow. The arrow hits Duvessa!
You kill Duvessa!
Dowan's eyes darken. "You have made a grave mistake."
Dowan seems to find hidden reserves of power!
Dowan gestures wildly while chanting.
Dowan blinks!
Your Fighting skill increases to level 2!
You have reached level 6!
You shoot an arrow. The arrow hits Dowan.
Dowan is moderately wounded.
Dowan casts a spell at you. The stone arrow hits you!
You die...

#+## ...## #.. .#
....## #..# .#
.....## #...### .#
....7.7##.....# .#
..7.....7.....# .#
....7.7.......# .#
.7.7...7.7#.#.###ยค#
.....7.......e..@)#
.7.7...7.7###.#####
#+..7.7..# #.#
#.7.....7 #.#
#.##7#7######.# #.##
#........#
...###.########
....##.# ...###.#


You could see Dowan (fast).

Vanquished Creatures
  Duvessa (D:4)
  A hound (D:4)
  Ijyb (D:4)
  Natasha (twice) (D:3)
  4 adders
  2 dart slugs
  A ribbon worm (D:2)
  An orc (D:4)
  7 ball pythons
  4 endoplasms
  5 giant cockroaches
  6 goblins
  6 hobgoblins
  4 jackals (D:2)
  8 kobolds
  2 quokkas
  3 bats
  2 frilled lizards
  7 rats
67 creatures vanquished.

Notes
Turn   | Place    | Note
-------+----------+-------------------------------------------
     0 | D:1      | qw the Deep Elf Hunter began the quest for the Orb.
     0 | D:1      | Reached XP level 1. HP: 12/12 MP: 3/3
     0 | D:1      | 0 ||| qw: Version: 0.3-a-155-g5e7d8dd
     0 | D:1      | 0 ||| qw: Game counter: 543
     0 | D:1      | 0 ||| qw: Melee chars always use a shield: true
     0 | D:1      | 0 ||| qw: God list: Okawaru
     0 | D:1      | 0 ||| qw: Allow faded altars: false
     0 | D:1      | 0 ||| qw: Do Orc after clearing Dungeon:15 true
     0 | D:1      | 0 ||| qw: Do second Lair branch before Depths: true
     0 | D:1      | 0 ||| qw: Lair rune preference: random
     0 | D:1      | 0 ||| qw: Goals: Normal
     0 | D:1      | 0 ||| PLANNING D:1-11
   216 | D:1      | Reached XP level 2. HP: 16/16 MP: 4/4
   224 | D:1      | Reached skill level 6 in Ranged Weapons
   452 | D:1      | You fall into a shaft and drop 1 floor!
   467 | D:2      | Reached XP level 3. HP: 20/20 MP: 5/5
   547 | D:2      | Reached skill level 7 in Ranged Weapons
   592 | D:2      | 592 ||| UPGRADING to +0 ring mail.
   602 | D:2      | 602 ||| FLEEEEING.
   603 | D:2      | 603 ||| FLEEEEING.
   604 | D:2      | 604 ||| FLEEEEING.
   605 | D:2      | 605 ||| FLEEEEING.
   606 | D:2      | 606 ||| FLEEEEING.
   607 | D:2      | 607 ||| FLEEEEING.
   608 | D:2      | 608 ||| STAIRDANCE
   610 | D:1      | 610 ||| DROPPING +0 leather armour.
   979 | D:1      | 979 ||| UPGRADING to ring of protection from fire.
   980 | D:1      | 980 ||| READING 2 scrolls labelled BIAKIFAEMA.
   980 | D:1      | 980 ||| IDENTIFYING 2 murky golden potions
   981 | D:1      | 981 ||| DROPPING scroll of butterflies.
  1081 | D:2      | Reached XP level 4. HP: 8/25 MP: 6/6
  1081 | D:2      | HP: 6/25 [kobold/+0 short sword (2)]
  1083 | D:2      | HP: 2/25 [jackal (2)]
  1187 | D:2      | Found a faded altar of an unknown god.
  1347 | D:2      | Found a white marble altar of Elyvilon.
  1469 | D:2      | 1469 ||| UPGRADING to +1 helmet.
  1474 | D:2      | 1474 ||| READING scroll of identify.
  1474 | D:2      | 1474 ||| IDENTIFYING red potion
  1475 | D:2      | 1475 ||| READING scroll labelled JYUSIY ETYMPYXA.
  1475 | D:2      | 1475 ||| ENCHANTING +0 shortbow.
  1506 | D:3      | Noticed Natasha
  1517 | D:3      | HP: 5/25 [Natasha (6)]
  1518 | D:3      | Killed Natasha
  1519 | D:3      | Reached skill level 8 in Ranged Weapons
  1528 | D:3      | 1528 ||| FLEEEEING.
  1747 | D:3      | Noticed Natasha
  1755 | D:3      | Killed Natasha
  1756 | D:3      | Reached XP level 5. HP: 29/29 MP: 7/7
  2175 | D:3      | 2175 ||| READING scroll of identify.
  2175 | D:3      | 2175 ||| IDENTIFYING viscous golden potion
  2232 | D:4      | Noticed Ijyb
  2235 | D:4      | 2235 ||| FLEEEEING.
  2258 | D:4      | Killed Ijyb
  2259 | D:4      | Reached skill level 9 in Ranged Weapons
  2277 | D:4      | 2277 ||| FLEEEEING.
  2278 | D:4      | 2278 ||| FLEEEEING.
  2279 | D:4      | 2279 ||| FLEEEEING.
  2280 | D:4      | 2280 ||| FLEEEEING.
  2281 | D:4      | 2281 ||| FLEEEEING.
  2282 | D:4      | 2282 ||| FLEEEEING.
  2283 | D:4      | 2283 ||| FLEEEEING.
  2284 | D:4      | 2284 ||| FLEEEEING.
  2285 | D:4      | 2285 ||| FLEEEEING.
  2286 | D:4      | 2286 ||| FLEEEEING.
  2287 | D:4      | 2287 ||| FLEEEEING.
  2288 | D:4      | 2288 ||| FLEEEEING.
  2289 | D:4      | 2289 ||| FLEEEEING.
  2290 | D:4      | 2290 ||| FLEEEEING.
  2291 | D:4      | 2291 ||| STAIRDANCE
  2410 | D:4      | Noticed Duvessa
  2410 | D:4      | Noticed Dowan
  2411 | D:4      | 2411 ||| DRINKING potion of haste.
  2420 | D:4      | HP: 2/29 [Duvessa/+0 rapier (11)]
  2424 | D:4      | Killed Duvessa
  2425 | D:4      | Reached XP level 6. HP: 3/36 MP: 8/8
  2425 | D:4      | Killed from afar by Dowan

Levels and vault maps discovered:
D:1:      mainiacjoe_arrival_oval_in_oval, layout_basic
D:2:      layout_basic, basic_ecumenical_altar, basic_altar
D:3:      layout_loops_cross, minivault_11, uniq_natasha
D:4:      layout_loops_corners, grunt_temple_overflow_opulence,
          gammafunk_temple_overflow_statue, serial_forest,
          infiniplex_forest_lined_2, infiniplex_forest_clump_tiny,
          infiniplex_forest_lined_ring, infiniplex_forest_straight_2,
          infiniplex_forest_clump_medium, infiniplex_forest_lined_ring,
          serial_bayou_lake_a, uniq_ijyb, uniq_duvessa

Skill      XL: |  1  2  3  4  5 |
---------------+----------------+-----
Ranged Weapons | 6 7 8 9 |  9.1
Fighting       | 2 |  2.8
Dodging        | |  2.4
Stealth        | |  1.2

Action                     |  1- 3 |  4- 6 || total
---------------------------+-------+-------++-------
   Fire: Shortbow          |   116 |   129 ||   245
    Use: Scroll            |     1 |     3 ||     4
         Potion            |       |     1 ||     1
 Armour: Leather armour    |    15 |       ||    15
         Ring mail         |    45 |    43 ||    88
  Dodge: Dodged            |    48 |    35 ||    83

Table legend:
 A = Non-vault XP
 B = Vault XP
 C = Vault XP percentage of total XP
 D = Non-vault monster count
 E = Vault monster count
 F = Vault count percentage of total count
                 A         B        C        D         E       F
            +---------+---------+-------+---------+---------+-------
      Total |     235 |     217 |  48.0 |      64 |       3 |   4.5
            +---------+---------+-------+---------+---------+-------
        D:1 |      36 |       0 |   0.0 |      22 |       0 |   0.0
        D:2 |      78 |       0 |   0.0 |      24 |       0 |   0.0
        D:3 |      74 |      35 |  32.1 |      15 |       1 |   6.2
        D:4 |      47 |     182 |  79.5 |       3 |       2 |  40.0
            +---------+---------+-------+---------+---------+-------
